 Dungeon Sprint DCSS version 0.19.1 (webtiles) character file.

42 equalderp2856 the Scratcher (level 3, -5/18 HPs)
             Began as a Felid Fighter on Dec 16, 2016.
             Was an Initiate of Gozag.
             Killed from afar by Harold (23 damage)
             ... with a bolt of fire
             ... in the Dungeon (Sprint IX: "|||||||||||||||||||||||||||||").
             The game lasted 00:01:16 (304 turns).

equalderp2856 the Scratcher (Felid Fighter)          Turns: 304, Time: 00:01:17

Health: -5/18      AC:  1    Str: 13    XL:     3   Next: 35%
Magic:  4/4        EV: 11    Int:  9    God:    Gozag
Gold:   0          SH:  0    Dex: 15    Spells: 0 memorised, 2 levels left
                                        Lives:  0   Deaths: 1

rFire  . . .     SeeInvis +       - Unarmed
rCold  . . .     Gourm    .     (armour unavailable)
rNeg   . . .     Faith    .     (shield unavailable)
rPois  .         Spirit   .     (helmet unavailable)
rElec  .         Reflect  .     (cloak unavailable)
rCorr  .         Harm     .     (gloves unavailable)
MR     .....     NoTele   +     (boots unavailable)
Stlth  ++........               (no amulet)
                                (no ring)
                                (no ring)

@: held, quick
A: no armour, no weapons or thrown items, stealth, claws 1, fangs 3, see
invisible, carnivore 3, speed 1, shaggy fur 1, slow metabolism 1, sharp paws
a: Potion Petition, Call Merchant, Bribe Branch, Renounce Religion


You were in the Dungeon.
You worshipped Gozag.
Gozag was noncommittal.
You were not hungry.

You visited 1 branch

Inventory:

Jewellery
 m - a +3 ring of strength
 n - a +3 ring of dexterity
Wands
 l - a wand of acid (7/15)
Scrolls
 h - 2 scrolls of blinking
 j - 3 scrolls of remove curse
 k - 2 scrolls of amnesia
Potions
 a - a potion of might
 c - 5 potions of curing
 d - a potion of heal wounds
 e - a potion of haste
 f - 4 potions of magic
 g - a potion of berserk rage
 i - a potion of invisibility
Comestibles
 b - a meat ration


   Skills:
 + Level 4.7 Fighting
 + Level 6.4 Dodging
 + Level 2.0 Stealth
 + Level 7.8 Unarmed Combat


You had 2 spell levels left.
You didn't know any spells.

Dungeon Overview and Level Annotations

Branches:
Dungeon (1/1)

Altars:
Cheibriados
Dithmenos
Elyvilon
Fedhas
Gozag
Hepliaklqana
Kikubaaqudgha
Makhleb
Nemelex Xobeh
Okawaru
Qazlal
Ru
Sif Muna
Trog
Uskayaw
Vehumet
Xom
Yredelemnul
Zin
The Shining One
Beogh
Jiyva
Lugonu

Annotations:
D Harold


Innate Abilities, Weirdness & Mutations

You cannot wear armour.
You are incapable of wielding weapons or throwing items.
Your paws allow you to move quietly. (Stealth)
You have sharp claws.
You have razor-sharp teeth.
You have supernaturally acute eyesight. (SInv)
You are carnivorous and can eat meat at any time.
You cover ground quickly.
You are covered in fur. (AC +1)
You have a slow metabolism.
Your sharp claws are effective at attacking unaware monsters.


Message History

You barely miss the crimson imp.
You bite the crimson imp, but do no damage.
The crimson imp is severely wounded.
The yak gores you!
Ouch! That really hurt!
You die...
The crimson imp misses you.
You are now level 3!
You rejoin the land of the living...
Harold the Weathered comes into view.
He is wielding a halberd of venom.
Harold shouts!
Harold throws a throwing net.
The throwing net hits you.
You become entangled in the net!
You see here a throwing net.
You struggle against the net.
Harold points at you and mumbles some strange words.
The bolt of fire hits you!
Ouch! That really hurt!
You die...
Your body crumbles into a pile of gold.

$
▓.▓_▓
$
▓.▓_▓
$
▓.▓_▓
$
▓.▓_▓
$
▓.▓_▓
$
▓.▓_▓
$
▓.▓_▓
$
▓.▓'▓
$
$▓@▓.▓
$
▓.▓.▓
$▓.▓†▓
▓.▓.▓
▓@▓.▓
▓.▓'▓
▓.▓.▓
▓.▓.▓
▓)▓


You could see Harold.

Vanquished Creatures
  A scorpion (D)
  A hound (D)
  An adder (D)
  A bat zombie (D)
  A goblin (D)
  A quokka (D)
  2 kobolds (D)
  2 rats (D)
10 creatures vanquished.

Notes
Turn   | Place    | Note
-------+----------+-------------------------------------------
     0 | D        | equalderp2856 the Felid Fighter began the quest for the Orb.
     0 | D        | Reached XP level 1. HP: 10/10 MP: 2/2
   103 | D        | Noticed a scorpion
   103 | D        | Noticed a hound
   108 | D        | Killed a hound
   108 | D        | Reached skill level 5 in Dodging
   108 | D        | Reached skill level 1 in Stealth
   108 | D        | Reached skill level 6 in Unarmed Combat
   108 | D        | Reached XP level 2. HP: 15/15 MP: 3/3
   108 | D        | Reached XP level 3. HP: 18/18 MP: 4/4
   118 | D        | Killed a scorpion
   118 | D        | Reached skill level 7 in Unarmed Combat
   118 | D        | Reached XP level 4. HP: 22/22 MP: 5/5
   150 | D        | Found a roughly hewn altar of Beogh.
   150 | D        | Found a snail-covered altar of Cheibriados.
   150 | D        | Found a shadowy altar of Dithmenos.
   150 | D        | Found a white marble altar of Elyvilon.
   150 | D        | Found a blossoming altar of Fedhas.
   150 | D        | Found an opulent altar of Gozag.
   151 | D        | Found a hazy altar of Hepliaklqana.
   167 | D        | Found a viscous altar of Jiyva.
   168 | D        | Found an ancient bone altar of Kikubaaqudgha.
   169 | D        | Found a corrupted altar of Lugonu.
   170 | D        | Found a burning altar of Makhleb.
   171 | D        | Found a sparkling altar of Nemelex Xobeh.
   172 | D        | Found an iron altar of Okawaru.
   173 | D        | Found a stormy altar of Qazlal.
   174 | D        | Found a sacrificial altar of Ru.
   177 | D        | Became a worshipper of Gozag Ym Sagoz the Greedy
   180 | D        | Found a deep blue altar of Sif Muna.
   181 | D        | Found a bloodstained altar of Trog.
   182 | D        | Found a hide-covered altar of Uskayaw.
   183 | D        | Found a radiant altar of Vehumet.
   184 | D        | Found a shimmering altar of Xom.
   185 | D        | Found a basalt altar of Yredelemnul.
   186 | D        | Found a glowing silver altar of Zin.
   187 | D        | Found a glowing golden altar of the Shining One.
   212 | D        | Noticed a crocodile
   212 | D        | Noticed a hungry ghost
   212 | D        | Noticed a centaur
   212 | D        | Noticed a yak
   234 | D        | Slain by a yak
   235 | D        | Reached XP level 3. HP: 0/18 MP: 4/4
   301 | D        | Noticed Harold
   304 | D        | Killed from afar by Harold

Skill      XL: |  1  2  3 |
---------------+----------+-----
Dodging        | 5 6 |  6.4
Stealth        | 1 2 |  2.0
Unarmed Combat | 6 7 |  7.8
Fighting       | 4 |  4.7

Action                   |  1- 3 |  4- 6 || total
-------------------------+-------+-------++-------
Melee: Unarmed           |    22 |    22 ||    44
       Bite              |     3 |     4 ||     7
  Use: Potion            |       |     2 ||     2
 Stab: Sleeping          |     2 |       ||     2
  Eat: Chunk             |       |     1 ||     1
Dodge: Dodged            |    16 |    22 ||    38
